Map: Dusk Towers

Players

ILLBdA

  • Race: Protoss Protoss
  • League: Diamond

TerrOrMvP - Winner!

  • Race: Zerg Zerg
  • League: Master

VOD

Have the link to the VOD?

Description

Time

  • Played on: Dec. 23, 2015, 10:10 p.m.
  • Length: 8:04
Show
View Real Time Build Order
Export as new Build Order

ILLBdA Protoss 

Build Orders:  

Get SALT Encoding   

  12  0:01  Probe (Chrono Boost)  
  13  0:11  Probe (Chrono Boost)  
  14  0:19  Pylon  
  14  0:22  Probe (Chrono Boost)  
  15  0:37  Probe (Chrono Boost), Forge  
  16  0:48  Probe (Chrono Boost)  
  17  0:58  Probe (Chrono Boost)  
  18  1:09  Probe (Chrono Boost)  
  19  1:24  Pylon  
  19  1:25  Pylon  
  19  1:27  Pylon  
  19  1:40  Pylon  
  19  1:44  Photon Cannon  
  19  1:45  Probe (Chrono Boost)  
  20  1:54  Pylon  
  20  1:58  Photon Cannon  
  20  2:01  Probe (Chrono Boost)  
  21  2:12  Probe (Chrono Boost)  
  21  2:13  Photon Cannon x2  
  22  2:18  Pylon  
  22  2:23  Photon Cannon  
  22  2:27  Pylon  
  22  2:31  Pylon  
  22  2:43  Probe (Chrono Boost)  
  22  2:46  Photon Cannon  
  22  2:48  Gateway  
  22  2:53  Assimilator  
  22  2:54  Probe (Chrono Boost)  
  23  2:59  Assimilator  
  23  3:04  Probe (Chrono Boost), Pylon  
  24  3:15  Probe (Chrono Boost)  
  24  3:24  Gateway  
  24  3:25  Probe (Chrono Boost)  
  25  3:28  Photon Cannon  
  25  3:36  Cybernetics Core  
  25  3:37  Zealot  
  27  3:50  Probe (Chrono Boost)  
  28  4:08  Nexus  
  28  4:11  Pylon  
  28  4:13  Adept, Warp Gate  
  30  4:30  Sentry, Mothership Core (Chrono Boost)  
  34  4:38  Pylon  
  34  4:40  Adept  
  36  4:56  Adept  
  38  5:08  Sentry  
  38  5:09  Gateway  
  38  5:10  Gateway  
  40  5:23  Sentry  
  40  5:25  Nexus  
  42  5:30  Pylon x2  
  42  5:39  Probe (Chrono Boost), Robotics Facility  
  43  5:50  Probe (Chrono Boost)  
  44  6:00  Probe (Chrono Boost)  
  46  6:11  Probe (Chrono Boost)  
  46  6:12  Photon Cannon  
  46  6:13  Gateway  
  46  6:18  Photon Cannon  
  46  6:22  Probe (Chrono Boost)  
  47  6:26  Warp Prism  
  47  6:32  Sentry, Probe (Chrono Boost)  
  52  6:37  Probe (Chrono Boost)  
  53  6:43  Probe (Chrono Boost)  
  53  6:51  Sentry x2  
  56  6:54  Probe (Chrono Boost)  
  56  6:55  Probe (Chrono Boost)  
  58  7:02  Sentry x2  
  62  7:13  Probe (Chrono Boost)  
  63  7:17  Gateway  
  63  7:19  Gateway  
  63  7:29  Adept x5  
  73  7:49  Probe (Chrono Boost)  
Show
View Real Time Build Order
Export as new Build Order

TerrOrMvP Zerg - Winner!

Build Orders: Hatch First 

Get SALT Encoding   

  12  0:00  Drone  
  13  0:09  Drone  
  14  0:18  Overlord  
  14  0:23  Drone, Extractor  
  15  0:37  Drone x2  
  17  0:45  Drone  
  18  0:58  Hatchery  
  17  1:09  Spawning Pool  
  16  1:12  Drone  
  17  1:19  Drone x2  
  19  1:46  Hatchery  
  18  1:48  Drone x2, Extractor  
  19  1:58  Zergling x2  
  19  1:59  Queen  
  22  2:15  Queen  
  26  2:22  Drone x2  
  26  2:28  Zergling x4  
  28  2:42  Zergling x2  
  27  2:46  Zergling x2  
  28  3:03  Zergling x2  
  28  3:04  Zergling x4  
  28  3:15  Zergling x4  
  30  3:20  Queen  
  30  3:25  Queen  
  34  3:34  Overlord  
  34  3:39  Overlord  
  34  3:58  Drone x2  
  34  3:59  Drone x4  
  34  4:00  Drone x2  
  42  4:05  Drone  
  42  4:07  Metabolic Boost  
  43  4:14  Overlord  
  43  4:20  Drone x2  
  45  4:27  Overlord  
  45  4:31  Queen  
  45  4:33  Drone  
  45  4:34  Drone  
  50  4:38  Drone x2  
  51  4:59  Spore Crawler  
  49  5:00  Spore Crawler  
  49  5:01  Spore Crawler  
  49  5:04  Drone x4  
  49  5:05  Drone x3  
  49  5:06  Lair  
  54  5:08  Drone x2  
  56  5:15  Drone x2  
  58  5:29  Drone  
  58  5:33  Roach Warren  
  58  5:37  Extractor  
  58  5:39  Extractor x2  
  58  5:40  Extractor  
  58  5:41  Extractor  
  53  5:44  Drone x12  
  65  5:50  Overlord  
  65  6:03  Overlord x2  
  65  6:10  Evolution Chamber  
  65  6:11  Evolution Chamber  
  63  6:19  Drone x5  
  63  6:20  Drone, Infestation Pit  
  63  6:22  Drone x3  
  63  6:23  Drone x3  
  63  6:24  Drone x3  
  63  6:25  Drone  
  78  6:41  Overlord x2  
  78  6:57  Roach  
  78  6:58  Overlord x3  
  78  7:01  Pathogen Glands  
  78  7:09  Roach x4  
  78  7:10  Roach  
  78  7:15  Drone x2  
  89  7:19  Roach x3  
  89  7:20  Roach  
  97  7:24  Roach x2  
  101  7:35  Ravager x4  
  101  7:37  Spore Crawler, Roach x5  
  106  7:43  Roach x2  
  118  7:45  Overlord  
Tags
 
Matchup
PvZ
Replay Pack
me
Add a new tag
Caveats
  • Supply blocks, unpowered buildings, or Contaminate may cause inaccurate times.
  • Supply counts are checked every 10 seconds.